 Dungeon Crawl Stone Soup version 0.17-a0-1638-g2ccaed7 (webtiles) character file.

101 Horst the Cutter (level 5, -2/34 HPs)
             Began as a Kobold Berserker on Aug 8, 2015.
             Was a Believer of Trog.
             Slain by Grinder (8 damage)
             ... on level 3 of the Dungeon.
             The game lasted 00:09:04 (2780 turns).

Horst the Cutter (Kobold Berserker)                 Turns: 2780, Time: 00:09:04

Health: -2/34      AC:  3    Str: 16    XL:     5   Next: 4%
Magic:  5/5        EV: 16    Int:  5    God:    Trog [**....]
Gold:   124        SH:  0    Dex: 16    Spells: 0 memorised, 4 levels left

rFire  + . .     SeeInvis .     q - +0 short sword
rCold  x . .     Clarity  .     b - +0 animal skin
rNeg   . . .     SustAt   .     (shield restricted)
rPois  .         Gourm    .     (no helmet)
rElec  .         Spirit   .     r - +0 cloak
rCorr  .         Warding  .     (no gloves)
rMut   .         Stasis   .     (no boots)
MR     .....                    (no amulet)
Stlth  ++........               (no ring)
                                p - ring of fire

@: exhausted, slowed, very slow, not resistant to hostile enchantments,
unstealthy
A: carnivore 3
a: Burn Spellbooks, Berserk, Trog's Hand, Renounce Religion


You were on level 3 of the Dungeon.
You worshipped Trog.
Trog was pleased with you.
You were very full.

You visited 1 branch of the dungeon, and saw 3 of its levels.

You collected 124 gold pieces.

Inventory:

Hand weapons
 a - a +0 short sword
 i - a +0 short sword
 q - a +0 short sword (weapon)
Armour
 b - a +0 animal skin (worn)
 r - a +0 cloak (worn)
Jewellery
 p - a ring of fire (left hand)
Scrolls
 e - a scroll of identify
 f - a scroll of recharging {unknown}
 h - 3 scrolls of teleportation {unknown}
 l - a scroll of remove curse {unknown}
 n - a scroll of enchant weapon {unknown}
Potions
 d - 2 potions of heal wounds
 g - a potion of curing {unknown}
 k - a potion of haste {unknown}
 m - a potion of agility {unknown}
 o - a potion of cure mutation {unknown}
Comestibles
 c - 5 meat rations
 j - 2 royal jellies


   Skills:
 * Level 4.6 Fighting
 + Level 4.9 Short Blades
 + Level 1.6 Armour
 + Level 3.4 Dodging
 * Level 0.4 Stealth


You had 4 spell levels left.
You didn't know any spells.

Dungeon Overview and Level Annotations

Branches:
Dungeon (3/15)

Altars:

Annotations:
D:3 Grinder


Innate Abilities, Weirdness & Mutations

You are small and have problems with some larger weapons.
You are carnivorous and can eat meat at any time.


Message History

The giant newt bites you.
Grinder says, "My boss said I was rubbish.
His entrails said otherwise."
The giant newt bites you. Grinder hits you.
You writhe in agony.
The giant newt bites you but does no damage.
You can move again.
You miss the giant newt. You closely miss the giant newt. Grinder hits you!
* * * LOW HITPOINT WARNING * * *
You writhe in agony.
* * * LOW HITPOINT WARNING * * *
The giant newt misses you.
You barely miss the giant newt.
You are no longer berserk.
You are exhausted.
You feel yourself slow down.
You hit the giant newt.
You kill the giant newt!
Trog accepts your kill. Grinder hits you!
You die...

#######
##.....##
##.......##
#.$.......#
#...5.....#
#..@††....#
#.........#
#...<.....#
##.......##
#.........#
#.>.....:.#
#.........#
#.........#
#......$...#


You could see Grinder.

Vanquished Creatures
  5 adders (D:2)
  3 worms (D:2)
  3 giant cockroaches
  6 goblins
  11 hobgoblins
  3 jackals (D:2)
  7 kobolds
  4 bats
  A giant gecko (D:3)
  5 giant newts
  2 rats (D:2)
50 creatures vanquished.

Notes
Turn   | Place    | Note
--------------------------------------------------------------
     0 | D:1      | Horst the Kobold Berserker began the quest for the Orb.
     0 | D:1      | Reached XP level 1. HP: 14/14 MP: 1/1
   133 | D:1      | Reached XP level 2. HP: 19/19 MP: 2/2
   655 | D:1      | Acquired Trog's second power
   743 | D:1      | Reached XP level 3. HP: 13/24 MP: 3/3
  1569 | D:2      | Reached XP level 4. HP: 26/29 MP: 4/4
  2016 | D:2      | Found a faded altar to an unknown god.
  2413 | D:2      | Reached XP level 5. HP: 26/34 MP: 5/5
  2759 | D:3      | Noticed Grinder
  2762 | D:3      | Paralysed by Grinder for 2 turns
  2770 | D:3      | Paralysed by Grinder for 6 turns
  2780 | D:3      | Slain by Grinder

Vault maps used:
D:1:      ncdulo_wetmaze, minmay_crystal_water, minmay_misc_feat_five,
          roderic_hopi_sauvastika, minmay_misc_feat_nine_boxes
D:2:      ecumenical_altar_1
D:3:      uniq_grinder, uniq_crazy_yiuf_cottage

Action                   |  1- 3 |  4- 6 || total
-------------------------+-------+-------++-------
Melee: Short sword       |   115 |   101 ||   216
Invok: Berserk           |     2 |     3 ||     5
  Use: Scroll            |     1 |       ||     1
  Eat: Chunk             |    11 |     2 ||    13
       Meat ration       |       |     1 ||     1
